 Dungeon Crawl Stone Soup version 0.24-a0-244-ga6a6ab7d13 (webtiles) character file.

Game seed: 5939211783326984911

17 Redear the Skirmisher (level 2, 0/16 HPs)
             Began as a Vine Stalker Monk on Apr 10, 2019.
             Slain by an ooze (3 damage)
             ... on level 1 of the Dungeon.
             The game lasted 00:00:58 (229 turns).

Redear the Skirmisher (Vine Stalker Monk)            Turns: 229, Time: 00:00:58

Health: 0/16       AC:  2    Str: 13    XL:     2   Next: 62%
Magic:  0/3        EV: 13    Int: 10    God:
Gold:   33         SH:  0    Dex: 16    Spells: 1/1 levels left

rFire    . . .     SeeInvis .   a - +0 falchion
rCold    . . .     Gourm    .   (no shield)
rNeg     . . .     Faith    .   b - +0 robe
rPois    .         Spirit   +   (no helmet)
rElec    .         Reflect  .   (no cloak)
rCorr    .         Harm     .   (no gloves)
MR       .....                  (no boots)
Stlth    ++........             (no amulet)
HPRegen  0.05/turn              (no ring)
MPRegen  0.08/turn              (no ring)

@: no status effects
A: fangs 2, magic shield, antimagic bite, no potion heal 3, rot immunity
a: no special abilities


You were on level 1 of the Dungeon.
You were not hungry.

You visited 1 branch of the dungeon, and saw 1 of its levels.

You collected 33 gold pieces.

Inventory:

Hand Weapons
 a - a +0 falchion (weapon)
Armour
 b - a +0 robe (worn)
Scrolls
 e - a scroll of fear {unknown}
Potions
 c - a potion of cancellation {unknown}
 d - a potion of curing {unknown}
Comestibles
 z - 2 rations


   Skills:
 + Level 3.0 Fighting
 + Level 3.0 Long Blades
 + Level 2.7 Dodging
 - Level 2.4 Stealth


You had one spell level left.
You didn't know any spells.
Your spell library was empty.

Dungeon Overview and Level Annotations

Branches:
Dungeon (1/15)

Altars:


Innate Abilities, Weirdness & Mutations

You have extremely sharp teeth.
When hurt, damage is shared between your health and your magic reserves.
Your bite disrupts and absorbs the magic of your enemies.
Potions cannot restore your health.
You are immune to rotting.


Message History

You take 3 damage, and have 6/16 hp.
You now have 2/3 mp.
You hit the dart slug. Your bite misses the dart slug.
The dart slug is almost dead.
The dart slug closely misses you.
You hit the dart slug but do no damage. You bite the dart slug.
You drain its power.
You feel invigorated.
The dart slug is almost dead.
The ooze misses you.
You riposte.
You hit the ooze. You bite the ooze. You drain its power.
The ooze is moderately wounded.
The dart slug closely misses you.
You riposte.
You hit the dart slug.
You kill the dart slug!
Your Long Blades skill increases to level 3!
MP restored: 3 You hit the ooze but do no damage.
You bite the ooze. You drain its power.
The ooze is heavily wounded.
The ooze hits you.
* * * LOW HITPOINT WARNING * * *
The ooze hits you.
You die...

#......# #......#
#......# #......#
.#......# ........# ###
#......J#### ########..
#.....†@...# #.........
##.........# #.........
#.###...(.####.........
.######...#..........
.....................
..#####.#.#.....†....
#.#.#..........
#.#.#..........
#.#.#..........


You could see an ooze.

Vanquished Creatures
  2 dart slugs (D:1)
  2 hobgoblins (D:1)
  2 bats (D:1)
  A frilled lizard (D:1)
  A goblin (D:1)
  3 kobolds (D:1)
  3 rats (D:1)
14 creatures vanquished.

Notes
Turn   | Place    | Note
-------+----------+-------------------------------------------
     0 | D:1      | Redear the Vine Stalker Monk began the quest for the Orb.
     0 | D:1      | Reached XP level 1. HP: 11/11 MP: 2/2
   113 | D:1      | Reached XP level 2. HP: 10/16 MP: 3/3
   226 | D:1      | Reached skill level 3 in Fighting
   228 | D:1      | Reached skill level 3 in Long Blades
   229 | D:1      | Slain by an ooze

Levels and vault maps discovered:
D:1:      sevenhm_arrival_forest_fort_small_3, layout_basic,
          serial_park_tiny_pond, chequers_mini_garden

Skill      XL: |  1  2 |
---------------+-------+-----
Fighting       | 3 |  3.0
Long Blades    | 3 |  3.0
Dodging        | |  2.7
Stealth        | |  2.4

Action                   || total
-------------------------++-------
Melee: Falchion          ||    33
       Bite              ||    14
 Stab: Sleeping          ||     1
Armor: Robe              ||     8
Dodge: Dodged            ||    26
       Rpst.: Falchion   ||     7

Table legend:
 A = Non-vault XP
 B = Vault XP
 C = Vault XP percentage of total XP
 D = Non-vault monster count
 E = Vault monster count
 F = Vault count percentage of total count
                 A         B        C        D         E       F
            +---------+---------+-------+---------+---------+-------
      Total |      25 |       0 |   0.0 |      14 |       0 |   0.0
            +---------+---------+-------+---------+---------+-------
        D:1 |      25 |       0 |   0.0 |      14 |       0 |   0.0
            +---------+---------+-------+---------+---------+-------
